 Dungeon Crawl Stone Soup version 0.17.0-24-gcfadda4 (webtiles) character file.

92194 Gravenous the Bludgeoner (level 16, 0/167 HPs)
             Began as an Ogre Arcane Marksman on Nov 15, 2015.
             Was the Champion of Cheibriados.
             Slain by a yaktaur (11 damage)
             ... on level 15 of the Dungeon.
             The game lasted 01:20:38 (27803 turns).

Gravenous the Bludgeoner (Ogre Arcane Marksman)    Turns: 27803, Time: 01:20:38

Health: 0/167      AC:  9    Str: 35    XL:     16   Next: 5%
Magic:  23/23      EV: 18    Int: 28    God:    Cheibriados [******]
Gold:   1799       SH:  0    Dex: 30    Spells: 3 memorised, 8 levels left

rFire  + + .     SeeInvis .     N - +12 mace of the Dead {freeze, rC+ Int-4 Dex+3}
rCold  + + .     Clarity  .     m - +2 robe {rC+ rF+}
rNeg   + . .     SustAt   .     (no shield)
rPois  +         Gourm    .     P - +2 hat {MR+}
rElec  .         Spirit   .     B - +1 cloak
rCorr  .         Warding  .     (gloves unavailable)
rMut   .         Stasis   .     (boots unavailable)
MR     +++..                    R - amulet of regeneration
Stlth  ++........               b - ring "Omnex" {rF+ rN+ MR+ Dex+3}
                                H - ring of poison resistance

@: very slow, extremely resistant to hostile enchantments, unstealthy
A: unfitting armour, horns 1, sense surroundings 1, tough skin 1
a: Bend Time, Temporal Distortion, Slouch, Step From Time, Renounce Religion


You were on level 15 of the Dungeon.
You worshipped Cheibriados.
Cheibriados was exalted by your worship.
You were not hungry.

You visited 5 branches of the dungeon, and saw 29 of its levels.
You also visited: Ossuary.

You collected 2536 gold pieces.
You spent 737 gold pieces at shops.

Inventory:

Hand Weapons
 G - a +1 giant club
 N - the +12 mace of the Dead (weapon) {freeze, rC+ Int-4 Dex+3}
   (You found it on level 7 of the Dungeon)

   It has been specially enchanted to freeze those struck by it, causing extra
   injury to most foes and up to half again as much damage against particularly
   susceptible opponents.
   It can also slow down cold-blooded creatures.
   It affects your intelligence (-4).
   It affects your dexterity (+3).
   It protects you from cold.
Missiles
 O - 29 large rocks (quivered)
Armour
 m - a +2 robe of resistance (worn)
 B - a +1 cloak (worn)
 P - a +2 hat of magic resistance (worn)
 X - a +1 troll leather armour
Magical Staves
 S - an uncursed staff of wizardry
Jewellery
 b - the ring "Omnex" (right hand) {rF+ rN+ MR+ Dex+3}
   (You found it on level 13 of the Dungeon)

   [ring of dexterity]

   It affects your dexterity (+3).
   It protects you from fire.
   It protects you from negative energy.
   It affects your resistance to hostile enchantments.
 i - an uncursed ring of see invisible
 r - an uncursed amulet of resist corrosion {unknown}
 A - an uncursed amulet of resist mutation
 H - a ring of poison resistance (left hand)
 Q - an uncursed ring of protection from fire
 R - an amulet of regeneration (around neck)
Wands
 f - a wand of disintegration (12)
 l - a wand of flame (34)
 t - a wand of draining (7)
 C - a wand of teleportation (4)
 I - a wand of invisibility (2)
 U - a wand of cold (4)
 V - a wand of lightning (3)
Scrolls
 h - 4 scrolls of immolation
 j - 7 scrolls of remove curse
 n - 4 scrolls of magic mapping
 s - 8 scrolls of teleportation
 y - 3 scrolls of recharging
 E - 3 scrolls of blinking
 L - 2 scrolls of fear
 Y - 2 scrolls of fog
Potions
 c - a potion of resistance
 o - 2 potions of agility
 q - 3 potions of magic
 v - 5 potions of flight
 z - 4 potions of brilliance
 F - 5 potions of curing
 J - 3 potions of cure mutation
 M - a potion of mutation
Books
 d - a Necronomicon

   Spells                             Type                      Level
   a - Haunt                          Necromancy/Summoning         7
   b - Borgnjor's Revivification      Necromancy                   8
   c - Death's Door                   Charms/Necromancy            8
   d - Necromutation                  Transmutation/Necromancy     8
 K - a book of Burglary

   Spells                             Type                      Level
   a - Swiftness                      Charms/Air                   2
   b - Passwall                       Transmutation/Earth          3
   c - Passage of Golubria            Translocation                4
   d - Lee's Rapid Deconstruction     Earth                        5
   e - Darkness                       Hexes                        6
   f - Invisibility                   Hexes                        6
 T - Roxanne's Handbook of Dusty Changing
   (You took it off Roxanne on level 1 of the Elven Halls)

   Spells                             Type                      Level
   a - Beastly Appendage              Transmutation                1
   b - Stoneskin                      Transmutation/Earth          2
   c - Ignite Poison                  Fire/Transmutation/Poison    3
   d - Statue Form                    Transmutation/Earth          6
   e - Dragon Form                    Transmutation                7
 Z - an Akashic Record

   Spells                             Type                      Level
   a - Dispersal                      Translocation                6
   b - Malign Gateway                 Summoning/Translocation      7
   c - Disjunction                    Translocation                8
   d - Controlled Blink               Translocation                8
Miscellaneous
 W - a phial of floods
Comestibles
 e - 10 bread rations
 g - 7 meat rations
 k - 4 slices of pizza
 p - 6 beef jerkies
 w - 3 royal jellies
 D - 16 fruits


   Skills:
 - Level 12.5 Fighting
 - Level 17.0 Maces & Flails
 - Level 9.2 Throwing
 - Level 7.3 Dodging
 - Level 1.2 Spellcasting
 - Level 2.1 Hexes
 + Level 9.8 Transmutations
 + Level 9.6 Earth Magic
 - Level 10.0 Invocations


You had 8 spell levels left.
You knew the following spells:

 Your Spells              Type           Power        Failure   Level  Hunger
a - Corona                Hex            ##.....      6%          1    #......
b - Stoneskin             Trmt/Erth      ######..     1%          2    ###....
c - Statue Form           Trmt/Erth      ######...    28%         6    #######


Dungeon Overview and Level Annotations

Branches:
Dungeon (15/15)            Temple (1/1) D:7            Lair (8/8) D:11
  Swamp (0/4) Lair:6        Snake (0/4) Lair:4        Slime (0/6) Lair:7
    Orc (4/4) D:12            Elf (1/3) Orc:4        Vaults (0/5) D:13
 Depths: D:15

Altars:
Ashenzari
Cheibriados
Dithmenos
Elyvilon
Fedhas
Gozag
Kikubaaqudgha
Makhleb
Nemelex Xobeh
Okawaru
Qazlal
Sif Muna
Trog
Vehumet
Xom
Yredelemnul
Zin
The Shining One
Beogh

Shops:
D:5 =   Orc:1 ?   Orc:3 (   Orc:4 }[?*


Innate Abilities, Weirdness & Mutations

You are too large for most types of armour.
You have tough skin (AC +1).
You have a pair of small horns on your head.
You passively map a small area around you.


Message History

* * * LOW HITPOINT WARNING * * *
The yaktaur unwields an uncursed arbalest.
The yaktaur barely misses you.
Unknown command.
Drink which item? (? for menu, Esc to quit)
You feel much better.
The yaktaur hits you but does no damage.
The yaktaur shoots a bolt.
The bolt completely misses you. The yaktaur misses you.
The yaktaur completely misses you.
The yaktaur unwields an uncursed arbalest.
The yaktaur completely misses you. The yaktaur hits you!
* * * LOW HITPOINT WARNING * * *
The yaktaur hits you!
* * * LOW HITPOINT WARNING * * *
Things that are here:
an uncursed arbalest; 21 bolts; a yaktaur corpse You sock the yaktaur!
You freeze the yaktaur. You headbutt the yaktaur!
The yaktaur is heavily wounded.
The yaktaur hits you!
You die...

#####################
.........((..(((@c..#
........#######cc...#
........# #.....#
........# +.....#
........# #.....#
........# ,,#.....#
........# ,,,#.......
........#, , #....###
* ........#


You could see 3 yaktaurs.

Vanquished Creatures
  Gastronok (D:10)
  Roxanne (Elf:1)
  Donald (Elf:1)
  An orc warlord (Orc:4)
  Snorg (Lair:7)
  4 vault guards (D:13)
  5 hydras
  Erica (D:9)
  4 centaur warriors
  6 death yaks
  A death yak (shapeshifter) (D:14)
  4 orc high priests (Orc:4)
  A fire crab (Lair:8)
  An unseen horror (D:11)
  3 orc knights (Orc:4)
  A deep elf summoner (Elf:1)
  2 deep elf conjurers
  A wizard (D:15)
  3 hill giants
  4 orc sorcerers (Orc:4)
  A manticore (D:14)
  10 ugly things
  5 cyclopes
  3 black mambas
  11 elephants
  A gargoyle (D:14)
  13 spiny frogs
  A yaktaur (D:15)
  4 trolls
  12 komodo dragons
  2 deep elf priests (Elf:1)
  5 polar bears
  2 two-headed ogres (Orc:4)
  2 fire drakes (Lair:3)
  Grinder (D:5)
  4 slime creatures (D:15)
  11 blink frogs
  6 deep elf magi
  2 wyverns
  A spriggan (D:7)
  2 shadows (D:13)
  45 yaks
  A wraith (D:11)
  A yak (shapeshifter) (Elf:1)
  3 basilisks
  14 deep elf fighters
  6 hippogriffs
  2 nagas (Lair:4)
  2 hungry ghosts (D:13)
  2 steam dragons
  16 vampire mosquitoes
  29 wolves
  A soldier ant (D:14)
  4 wargs
  33 orc warriors
  A mottled dragon (D:13)
  3 ice beasts
  11 water moccasins
  2 phantoms
  A sky beast (D:14)
  9 black bears
  11 porcupines
  A wasp (D:12)
  An eye of draining (D:12)
  21 ogres
  15 centaurs
  A necrophage (D:11)
  17 crocodiles
  An elf zombie (D:4)
  A wyvern zombie (D:7)
  2 big kobolds
  An elf skeleton (D:4)
  19 giant frogs
  A wyvern skeleton (D:12)
  3 scorpions
  2 electric eels
  5 killer bees (D:12)
  11 wights
  8 crimson imps
  10 hounds
  30 orc wizards
  6 centaur zombies
  A giant frog zombie (D:6)
  Ijyb (D:2)
  6 centaur skeletons
  14 iguanas
  3 jellies
  45 orc priests
  A giant frog skeleton (D:8)
  2 human skeletons (D:4)
  8 worker ants
  25 sheep
  2 worker ant zombies
  40 river rats
  11 adders
  4 gnolls
  4 shadow imps
  An adder skeleton (D:8)
  2 adder zombies
  5 worms
  3 giant geckos
  217 orcs
  10 bats
  9 giant cockroaches
  5 hobgoblins
  10 jackals
  21 kobolds
  9 quokkas
  2 ball pythons
  5 giant newts
  6 goblins
  An orc skeleton (D:4)
  An orc zombie (D:4)
  30 rats
  A bush (Lair:8)
  3 fungi (Lair:8)
  2 plants (Lair:5)
1008 creatures vanquished.

Vanquished Creatures (others)
  A wizard (D:4)
  A deep elf fighter (D:13)
  A worker ant (D:13)
  22 fungi
  4 plants
29 creatures vanquished.

Grand Total: 1037 creatures vanquished

Notes
Turn   | Place    | Note
--------------------------------------------------------------
     0 | D:1      | Gravenous the Ogre Arcane Marksman began the quest for the Orb.
     0 | D:1      | Reached XP level 1. HP: 19/19 MP: 2/2
   192 | D:1      | Reached XP level 2. HP: 11/28 MP: 3/3
   690 | D:1      | Reached skill level 1 in Maces & Flails
  1055 | D:1      | Reached XP level 3. HP: 31/35 MP: 2/4
  1272 | D:2      | Reached skill level 3 in Throwing
  1569 | D:2      | Noticed Ijyb
  1574 | D:2      | Killed Ijyb
  1574 | D:2      | Reached XP level 4. HP: 41/44 MP: 3/5
  2655 | D:3      | Reached XP level 5. HP: 41/53 MP: 4/6
  3152 | D:3      | Found a radiant altar of Vehumet.
  3328 | D:4      | Noticed an ogre
  3332 | D:4      | Killed an ogre
  3332 | D:4      | Reached skill level 4 in Maces & Flails
  3332 | D:4      | Reached XP level 6. HP: 60/62 MP: 7/7
  3364 | D:4      | Found a bloodstained altar of Trog.
  3365 | D:4      | Noticed a wizard
  3371 | D:4      | Killed a wizard
  3764 | D:4      | Reached skill level 5 in Maces & Flails
  3842 | D:4      | Noticed an ogre
  3847 | D:4      | Killed an ogre
  3847 | D:4      | Reached skill level 5 in Throwing
  3847 | D:4      | Reached XP level 7. HP: 64/71 MP: 6/8
  3950 | D:4      | Found a sand-covered staircase.
  3972 | D:4      | Reached skill level 6 in Maces & Flails
  3976 | Ossuary  | Entered an ossuary
  4675 | D:4      | Reached skill level 5 in Fighting
  5332 | D:5      | Entered Level 5 of the Dungeon
  5399 | D:5      | Reached XP level 8. HP: 48/80 MP: 5/9
  5408 | D:5      | Reached skill level 7 in Maces & Flails
  5736 | D:5      | Found Sokene's Jewellery Shop.
  6049 | D:5      | Found a shadowy altar of Dithmenos.
  6156 | D:5      | Noticed Grinder
  6168 | D:5      | Killed Grinder
  6168 | D:5      | Reached skill level 8 in Maces & Flails
  6614 | D:5      | Found a blossoming altar of Fedhas.
  6615 | D:5      | Found a basalt altar of Yredelemnul.
  7169 | D:6      | Reached skill level 9 in Maces & Flails
  7169 | D:6      | Reached XP level 9. HP: 92/92 MP: 10/10
  7477 | D:6      | Got a polished whip
  7480 | D:6      | Identified the +6 whip of Propriety {slash, rF+ MR+} (You found it on level 6 of the Dungeon)
  7513 | D:6      | Found a stormy altar of Qazlal.
  8067 | D:7      | Found a staircase to the Ecumenical Temple.
  8088 | D:7      | Learned a level 2 spell: Stoneskin
  8095 | Temple   | Entered the Ecumenical Temple
  8134 | Temple   | Became a worshipper of Cheibriados the Contemplative
  8422 | D:7      | Got a warped pewter ring
  8424 | D:7      | Identified the ring "Suenk" {Ice rPois Int+3} (You found it on level 7 of the Dungeon)
  8793 | D:7      | Reached skill level 10 in Maces & Flails
  8992 | D:7      | Reached * piety under Cheibriados
  9052 | D:7      | Got a dazzling mace
  9058 | D:7      | Identified the +12 mace of the Dead {freeze, rC+ Int-4 Dex+3} (You found it on level 7 of the Dungeon)
  9519 | D:7      | Reached XP level 10. HP: 85/104 MP: 11/11
  9573 | D:7      | Reached skill level 11 in Maces & Flails
  9866 | D:8      | Reached ** piety under Cheibriados
 10055 | D:8      | Found a sparkling altar of Nemelex Xobeh.
 10830 | D:9      | Noticed Erica
 10837 | D:9      | Killed Erica
 10837 | D:9      | Reached skill level 12 in Maces & Flails
 10908 | D:9      | Noticed a cyclops
 10913 | D:9      | Killed a cyclops
 10917 | D:9      | Reached *** piety under Cheibriados
 11153 | D:9      | Found an iron altar of Okawaru.
 11153 | D:9      | Found a shimmering altar of Xom.
 11165 | D:9      | Found a shattered altar of Ashenzari.
 11197 | D:10     | Entered Level 10 of the Dungeon
 11204 | D:10     | Noticed Gastronok
 11221 | D:10     | Killed Gastronok
 11221 | D:10     | Reached skill level 10 in Fighting
 11221 | D:10     | Reached skill level 13 in Maces & Flails
 11221 | D:10     | Reached XP level 11. HP: 35/119 MP: 12/12
 12009 | D:10     | Reached skill level 14 in Maces & Flails
 12124 | D:11     | Reached **** piety under Cheibriados
 12200 | D:11     | Reached skill level 5 in Dodging
 12311 | D:11     | Killed an unseen horror
 12704 | D:11     | Found a shimmering altar of Xom.
 12721 | D:11     | Found a shimmering altar of Xom.
 12721 | D:11     | Found a shimmering altar of Xom.
 12722 | D:11     | Found a shimmering altar of Xom.
 12742 | D:11     | Noticed a hill giant
 12769 | D:11     | Noticed a hill giant
 12774 | D:11     | Killed a hill giant
 12774 | D:11     | Reached ***** piety under Cheibriados
 12781 | D:11     | Killed a hill giant
 12878 | D:11     | Found a staircase to the Lair.
 12879 | D:11     | Reached skill level 15 in Maces & Flails
 13282 | D:12     | Found a deep blue altar of Sif Muna.
 13557 | D:12     | Reached XP level 12. HP: 115/130 MP: 13/13
 13982 | D:12     | Found a staircase to the Orcish Mines.
 13997 | D:12     | Reached ****** piety under Cheibriados
 14165 | D:13     | Noticed a centaur warrior
 14172 | D:13     | Killed a centaur warrior
 14172 | D:13     | Reached skill level 16 in Maces & Flails
 14307 | D:13     | Got a clouded wooden ring
 14310 | D:13     | Identified the ring "Omnex" {rF+ rN+ MR+ Dex+3} (You found it on level 13 of the Dungeon)
 14392 | D:13     | Found a gate to the Vaults.
 14392 | D:13     | Noticed a vault guard
 14392 | D:13     | Noticed a vault guard
 14392 | D:13     | Noticed a centaur warrior
 14392 | D:13     | Noticed a vault guard
 14397 | D:13     | Noticed a vault guard
 14555 | D:13     | Noticed a centaur warrior
 14559 | D:13     | Killed a centaur warrior
 14587 | D:12     | Reached skill level 17 in Maces & Flails
 14614 | Orc:1    | Entered Level 1 of the Orcish Mines
 14614 | Orc:1    | Found Sonnisur's Magic Scroll Emporium.
 14634 | Orc:1    | Bought a scroll of teleportation for 30 gold pieces
 14634 | Orc:1    | Bought a scroll of teleportation for 30 gold pieces
 14634 | Orc:1    | Bought a scroll of enchant armour for 75 gold pieces
 14634 | Orc:1    | Bought a scroll of enchant armour for 75 gold pieces
 15031 | Orc:1    | Reached skill level 1 in Invocations
 15227 | Orc:2    | Found a roughly hewn altar of Beogh.
 15478 | Orc:3    | Found Pucouh's Weapon Emporium.
 16230 | Orc:4    | Entered Level 4 of the Orcish Mines
 16340 | Orc:4    | Reached skill level 5 in Invocations
 16593 | Orc:4    | Reached XP level 13. HP: 77/141 MP: 17/17
 17113 | Orc:4    | Found a roughly hewn altar of Beogh.
 17115 | Orc:4    | Found Ginen's Magic Scroll Boutique.
 17269 | Orc:4    | Found Tedumad's General Store.
 17373 | Orc:4    | Noticed an orc warlord
 17396 | Orc:4    | Killed an orc warlord
 17523 | Orc:4    | Noticed an orc high priest
 17528 | Orc:4    | Killed an orc high priest
 17530 | Orc:4    | Found Cimoqekh's Armour Emporium.
 17542 | Orc:4    | Bought a +2 robe of resistance for 527 gold pieces
 17587 | Orc:4    | Noticed an orc high priest
 17592 | Orc:4    | Killed an orc high priest
 17631 | Orc:4    | Reached skill level 10 in Invocations
 17659 | Orc:4    | Noticed an orc high priest
 17662 | Orc:4    | Killed an orc high priest
 17696 | Orc:4    | Noticed an orc high priest
 17698 | Orc:4    | Reached skill level 1 in Earth Magic
 17701 | Orc:4    | Killed an orc high priest
 17701 | Orc:4    | Reached skill level 1 in Transmutations
 17702 | Orc:4    | Found Unasated's Gadget Shoppe.
 18071 | Orc:4    | Found a staircase to the Elven Halls.
 18137 | Orc:4    | Found a roughly hewn altar of Beogh.
 18401 | Lair:1   | Entered Level 1 of the Lair of Beasts
 19422 | Lair:2   | Reached XP level 14. HP: 150/150 MP: 21/21
 20303 | Lair:3   | Reached skill level 5 in Earth Magic
 20354 | Lair:3   | Reached skill level 5 in Transmutations
 20477 | Lair:3   | Gained mutation: You have a pair of small horns on your head. [potion of beneficial mutation]
 20710 | Lair:3   | Gained mutation: You passively map a small area around you. [potion of beneficial mutation]
 21399 | Lair:4   | Found a staircase to the Snake Pit.
 22548 | Lair:6   | Found a staircase to the Swamp.
 23701 | Lair:7   | Found a staircase to the Slime Pits.
 24074 | Lair:7   | Reached XP level 15. HP: 146/158 MP: 22/22
 24223 | Lair:7   | Noticed Snorg
 24233 | Lair:7   | Killed Snorg
 24655 | Lair:8   | Entered Level 8 of the Lair of Beasts
 25439 | Elf:1    | Entered Level 1 of the Elven Halls
 25449 | Elf:1    | Noticed Donald
 25471 | Elf:1    | Killed Donald
 25551 | Elf:1    | Noticed Roxanne
 25569 | Elf:1    | Killed Roxanne
 25577 | Elf:1    | Identified Roxanne's Handbook of Dusty Changing (You took it off Roxanne on level 1 of the Elven Halls)
 25585 | Elf:1    | Learned a level 6 spell: Statue Form
 25941 | D:13     | Killed a vault guard
 25978 | D:13     | Killed a vault guard
 26005 | D:13     | Killed a vault guard
 26013 | D:13     | Killed a centaur warrior
 26100 | D:13     | Killed a vault guard
 27177 | D:14     | Noticed a storm dragon
 27181 | D:14     | a storm dragon changed into a death yak
 27567 | D:15     | Entered Level 15 of the Dungeon
 27683 | D:15     | Reached XP level 16. HP: 130/167 MP: 23/23
 27803 | D:15     | Slain by a yaktaur

Action                   |  1- 3 |  4- 6 |  7- 9 | 10-12 | 13-15 | 16-18 || total
-------------------------+-------+-------+-------+-------+-------+-------++-------
Melee: Unarmed           |    16 |       |       |       |       |       ||    16
       Short sword       |   135 |    98 |   182 |       |       |       ||   415
       Giant club        |       |       |    20 |       |       |       ||    20
       Whip              |       |       |   108 |       |       |       ||   108
       Mace              |       |       |    21 |   593 |  1212 |    23 ||  1849
 Fire: Blowgun           |       |       |    12 |       |       |       ||    12
Throw: Large rock        |    10 |    42 |    45 |    67 |   117 |       ||   281
       Throwing net      |       |     3 |       |       |       |       ||     3
       Javelin           |       |       |    33 |     2 |       |       ||    35
 Cast: Corona            |    20 |    12 |    37 |     5 |    10 |       ||    84
       Stoneskin         |       |       |       |       |     1 |       ||     1
Invok: Slouch            |       |       |       |     2 |       |       ||     2
Evoke: Wand              |       |       |     1 |       |     3 |       ||     4
  Use: Scroll            |       |       |    19 |    11 |    11 |       ||    41
       Potion            |       |       |     1 |     3 |     8 |     1 ||    13
 Stab: Sleeping          |     1 |     1 |       |     7 |    18 |       ||    27
       Held in net/web   |       |     1 |       |       |       |       ||     1
       Invisible         |       |       |     2 |       |    10 |     2 ||    14
       Distracted        |       |       |       |     1 |     2 |       ||     3
  Eat: Chunk             |     3 |     8 |     7 |    12 |    26 |       ||    56
       Bread ration      |       |       |     3 |     1 |     2 |       ||     6
